 Dungeon Crawl Stone Soup version 0.30-a0-1043-g60ff8d5f49 (webtiles) character file.

Game seed: 14576722652002229749

563425 Lobster4 the Conqueror (level 24, -3/224 HPs)
             Began as a Minotaur Hunter on Apr 9, 2023.
             Was the Champion of Hepliaklqana.
             Slain by a green draconian monk (9 damage)
             ... on level 1 of the Realm of Zot.
             The game lasted 03:48:52 (68001 turns).

Lobster4 the Conqueror (Minotaur Hunter)           Turns: 68001, Time: 03:48:53

Health: -3/224     AC: 20    Str: 21    XL:     24   Next: 85%
Magic:  45/45      EV: 27    Int: 11    God:    Hepliaklqana [******]
Gold:   6760       SH:  5    Dex: 24    Spells: 27/43 levels left

rFire   + . .      SeeInvis +    a - +6 longbow (freeze)
rCold   + + +      Faith    .    (shield currently unavailable)
rNeg    + . .      Spirit   .    M - +4 skin of Zhor {*Englaciate rC+++ SInv}
rPois   +          Reflect  +    s - +2 hat {Stlth+}
rElec   .          Rampage  .    p - +2 cloak {Will+}
rCorr   +          Rage     3%   U - +2 pair of gloves {Str+3}
Will    ++...                    T - +2 pair of boots of Rucutoesk {Slay+3}
Stlth   +++                      K - amulet of Ahoqes {Reflect MP+9 SH+5}
HPRegen 0.57/turn                Y - ring of poison resistance
MPRegen 0.29/turn                Z - ring "Vom Leto" {rF+ rN+ rCorr Int+6 Dex-3}

@: hasted, studying Staves, very quick
A: reduced essence, horns 2, retaliatory headbutt, agile 1, berserk 1
}: 4/15 runes: barnacled, slimy, silver, gossamer
a: Renounce Religion, Recall Ancestor, Ancestor Identity, Transference, Idealise


You were on level 1 of the Realm of Zot.
You worshipped Hepliaklqana.
Hepliaklqana was exalted by your worship.
You visited 12 branches of the dungeon, and saw 51 of its levels.
You visited the Abyss 1 time.
You also visited: Ossuary, Gauntlet and Ice Cave.

You collected 7622 gold pieces.
You spent 862 gold pieces at shops.

Inventory:

Hand Weapons
 a - a +6 longbow of freezing (weapon)
 b - the +6 arbalest "Damnation" {damnation}
   (You found it on level 5 of the Pits of Slime)
 c - the +9 eveningstar of Unbearable Guilt {freeze, rPois rF++ Dex-2 SInv}
   (You took it off a deep elf high priest on level 3 of the Elven Halls)

   Dex:       It affects your dexterity (-2).
   rF:        It greatly protects you from fire.
   rPois:     It protects you from poison.
   SInv:      It lets you see invisible.
Missiles
 r - 7 throwing nets
 E - 2 curare-tipped darts
Armour
 p - a +2 cloak of willpower (worn)
 s - a +2 hat of stealth (worn)
 M - the +4 skin of Zhor (worn) {*Englaciate rC+++ SInv}
   (You found it in an ice cave)

   *Englaciate: It radiates cold, occasionally slowing all nearby creatures who
   are not resistant to cold.
   rC:        It renders you almost immune to cold.
   SInv:      It lets you see invisible.
 T - the +2 pair of boots of Rucutoesk (worn) {Slay+3}
   (You found it on level 3 of the Elven Halls)

   Slay:      It affects your accuracy & damage with ranged weapons and melee
   (+3).
 U - a +2 pair of gloves of strength (worn)
Jewellery
 h - the amulet of Jefoi {Acrobat Rampage rC+ Str+6 Slay+2}
   (You took it off a frost giant on level 5 of the Vaults)

   [amulet of the acrobat]

   It increases your evasion while moving and waiting.
   Str:       It affects your strength (+6).
   Slay:      It affects your accuracy & damage with ranged weapons and melee
   (+2).
   rC:        It protects you from cold.
   Rampage:   It bestows one free step when moving towards enemies.
 l - a +6 ring of dexterity
 w - a +4 ring of protection
 K - the amulet of Ahoqes (around neck) {Reflect MP+9 SH+5}
   (You found it on level 8 of the Dungeon)

   [amulet of reflection]

   It reflects blocked missile attacks.
   MP:        It affects your magic capacity (+9).
   SH:        It affects your SH (+5).
 P - a ring of flight
 W - the ring of Tunnuibb {Wiz rC++ Str+3 Stlth+}
   (You found it on level 3 of the Elven Halls)

   [ring of wizardry]

   It improves your spell success rate.
   Str:       It affects your strength (+3).
   rC:        It greatly protects you from cold.
   Stlth:     It makes you more stealthy.
 Y - a ring of poison resistance (left hand)
 Z - the ring "Vom Leto" (right hand) {rF+ rN+ rCorr Int+6 Dex-3}
   (You took it off a merfolk javelineer on level 4 of the Shoals)

   [ring of positive energy]

   Int:       It affects your intelligence (+6).
   Dex:       It affects your dexterity (-3).
   rF:        It protects you from fire.
   rN:        It protects you from negative energy.
   rCorr:     It protects you from acid and corrosion.
Wands
 q - a wand of acid (17)
 v - a wand of roots (22)
 z - a wand of digging (13)
 G - a wand of paralysis (38)
 J - a wand of mindburst (32)
Scrolls
 g - 3 scrolls of poison
 k - 2 scrolls of silence
 o - 23 scrolls of teleportation
 C - a scroll of fear
 D - 6 scrolls of magic mapping
 I - 4 scrolls of immolation
 N - a scroll of acquirement
 S - 2 scrolls of enchant armour
 V - 6 scrolls of fog
 X - 4 scrolls of brand weapon
Potions
 d - 29 potions of curing
 e - 11 potions of ambrosia
 f - a potion of resistance
 j - 12 potions of mutation
 n - 3 potions of invisibility
 t - 10 potions of flight
 u - 7 potions of cancellation
 x - 11 potions of brilliance
 A - 12 potions of might
 B - 5 potions of heal wounds
 F - 2 potions of haste
 L - 10 potions of lignification
 R - 4 potions of berserk rage
Miscellaneous
 i - a lightning rod (4/4)
 m - a condenser vane
 H - a tin of tremorstones (2/2)
 O - a phantom mirror
 Q - a phial of floods


   Skills:
 O Level 27 Fighting
 - Level 7.0 Long Blades
 - Level 9.0 Maces & Flails
 + Level 26.1 Ranged Weapons
 - Level 3.0 Throwing
 - Level 17.0 Armour
 - Level 17.0 Dodging
 - Level 1.0 Stealth
 - Level 10.0 Spellcasting
 - Level 3.0 Conjurations
 - Level 5.0 Hexes
 - Level 10.0 Translocations
 - Level 3.0 Fire Magic
 - Level 10.0 Invocations
 - Level 5.0 Evocations


You had 27 spell levels left.
You knew the following spells:

 Your Spells              Type           Power      Damage    Failure   Level
a - Teleport Other        Tloc           27%        N/A       1%          3
b - Gell's Gravitas       Tloc           27%        N/A       1%          3
c - Volatile Blastmotes   Fire/Tloc      38%        2d13      2%          3
d - Portal Projectile     Hex/Tloc       44%        N/A       1%          3
e - Momentum Strike       Conj/Tloc      38%        3d9       1%          2
z - Blink                 Tloc           54%        N/A       1%          2

Your spell library contained the following spells:

 Spells                   Type           Power      Damage    Failure   Level
 Apportation              Tloc           54%        N/A       1%          1
 Lesser Beckoning         Tloc           54%        N/A       1%          2
 Foxfire                  Conj/Fire      48%        2x1d6     3%          1
 Confusing Touch          Hex            16%        N/A       4%          3
 Tukima's Dance           Hex            16%        N/A       4%          3
 Vhi's Electric Charge    Tloc/Air       32%        N/A       4%          3
 Kiss of Death            Conj/Necr      32%        2d7       7%          1
 Shock                    Conj/Air       32%        1d5       7%          1
 Dazzling Flash           Conj/Hex       28%        N/A       8%          3
 Inner Flame              Hex/Fire       14%        N/A       8%          3
 Iskenderun's Mystic Bla  Conj/Tloc      19%        2d6       9%          4
 Necrotise                Necr           20%        1d5       13%         1
 Sandblast                Erth           10%        2d5       13%         1
 Sting                    Tmut/Pois      20%        1d4       13%         1
 Summon Small Mammal      Summ           20%        N/A       13%         1
 Cigotuvi's Dreadful Rot  Necr/Pois/Air  10%        N/A       19%         2
 Passwall                 Tmut/Erth      4%         N/A       19%         2
 Poisonous Vapours        Pois/Air       10%        N/A       19%         2
 Sublimation of Blood     Necr           5%         N/A       19%         2
 Hailstorm                Conj/Ice       8%         3d4       21%         3
 Stone Arrow              Conj/Erth      16%        3d8       21%         3
 Ignite Poison            Fire/Tmut/Pois 7%         N/A       26%         3
 Dispersal                Tloc           13%        N/A       32%         6
 Call Canine Familiar     Summ           5%         N/A       36%         3
 Swiftness                Air            5%         N/A       36%         3
 Vampiric Draining        Necr           5%         2d6       36%         3
 Flame Wave               Conj/Fire      12%        2d6       36%         4
 Sticky Flame             Conj/Fire      12%        2d4       36%         4
 Leda's Liquefaction      Hex/Erth       5%         N/A       41%         4
 Fireball                 Conj/Fire      6%         3d5       71%         5
 Iskenderun's Battlesphe  Conj           12%        2d7       71%         5
 Airstrike                Air            2%         2d(1-17)  77%         4
 Animate Armour           Summ/Erth      10%        N/A       77%         4
 Animate Dead             Necr           5%         N/A       77%         4
 Dispel Undead            Necr           5%         3d7       77%         4
 Olgreb's Toxic Radiance  Pois           5%         N/A       77%         4
 Petrify                  Tmut/Erth      5%         N/A       77%         4
 Summon Lightning Spire   Summ/Air       5%         N/A       77%         4
 Arcjolt                  Conj/Air       4%         1d14      88%         5
 Irradiate                Conj/Tmut      4%         3d13      88%         5
 Freezing Cloud           Conj/Ice/Air   3%         6-21      93%         5
 Agony                    Necr           5%         N/A       98%         5
 Blade Hands              Tmut           2%         N/A       98%         5
 Borgnjor's Vile Clutch   Necr/Erth      2%         N/A       98%         5
 Lee's Rapid Deconstruct  Erth           2%         3d5*      98%         5
 Starburst                Conj/Fire      6%         6d4       99%         6
 Death Channel            Necr           2%         N/A       100%        6
 Eringya's Noxious Bog    Tmut/Pois      2%         N/A       100%        6
 Iron Shot                Conj/Erth      4%         9d2       100%        6
 Plasma Beam              Fire/Air       4%         2x1d15    100%        6
 Simulacrum               Ice/Necr       2%         N/A       100%        6
 Statue Form              Tmut/Erth      3%         N/A       100%        6
 Dragon Form              Tmut           2%         N/A       100%        7
 Enfeeble                 Hex            8%         N/A       100%        7
 Haunt                    Necr/Summ      2%         N/A       100%        7
 Ozocubu's Refrigeration  Ice            2%         4d8       100%        7
 Spellforged Servitor     Conj/Summ      4%         N/A       100%        7
 Storm Form               Tmut/Air       2%         N/A       100%        7
 Borgnjor's Revivificati  Necr           2%         N/A       100%        8
 Ignition                 Fire           6%         3d4       100%        8
 Infestation              Necr           2%         N/A       100%        8
 Lehudib's Crystal Spear  Conj/Erth      4%         10d3      100%        8
 Maxwell's Capacitive Co  Air            2%         ∞         100%        8
 Necromutation            Tmut/Necr      2%         N/A       100%        8
 Fire Storm               Conj/Fire      6%         8d2       100%        9
 Polar Vortex             Ice            2%         N/A       100%        9


Dungeon Overview and Level Annotations

Branches:
Dungeon (15/15)            Temple (1/1) D:7            Lair (5/5) D:9
 Shoals (4/4) Lair:2       Spider (4/4) Lair:3        Slime (5/5) Lair:5
    Orc (2/2) D:10            Elf (3/3) Orc:2        Vaults (5/5) D:13
  Crypt (2/3) Vaults:2     Depths (4/4) D:15            Zot (1/5) Depths:4
Ossuary (visited)           IceCv (visited)         Gauntlet (visited)

Altars:
Ashenzari
Cheibriados
Dithmenos
Elyvilon
Fedhas
Gozag
Hepliaklqana
Kikubaaqudgha
Makhleb
Nemelex Xobeh
Okawaru
Qazlal
Ru
Sif Muna
Trog
Uskayaw
Vehumet
Wu Jian
Xom
Yredelemnul
Zin
The Shining One
Jiyva

Shops:
D:10 *   D:12 *   D:14 :?   Orc:2 **[*(   Elf:1 !=(   Shoals:4 :   Vaults:4 [[
Depths:3 :=

Portals:
Hell: Depths:2 Depths:3 Depths:4
Abyss: Depths:1 Depths:3 Depths:4
Pandemonium: Depths:2 Depths:3 Depths:4
Ziggurat: Depths:4

Annotations:
Crypt:2 Mennas
Depths:1 Mara


Innate Abilities, Weirdness & Mutations

Your life essence is reduced to manifest your ancestor. (-10% HP)
You have a pair of horns on your head.
You reflexively headbutt those who attack you in melee.
You are agile. (Dex +4, Str/Int -1)
You sometimes lose your temper in combat.


Message History

The green draconian monk barely misses you.
The green draconian monk misses you.
The green draconian monk completely misses you.
The green draconian monk misses you.
Servia completely misses the green draconian monk.
Servia hits the moth of wrath with a +0 broad axe of speed!
Servia hits the yellow draconian with a +0 broad axe of speed.
Servia hits the green draconian monk with a +0 broad axe of speed.
The white draconian closely misses you. The yellow draconian misses you.
The white draconian attacks as you move away!
The white draconian hits you but does no damage.
* * * LOW HITPOINT WARNING * * *
You feel sick.
The electric golem hurls lightning at you.
The bolt of lightning misses you.
Servia blocks the green draconian monk's attack.
The green draconian monk kicks Servia!!
Servia blocks the green draconian monk's attack. x2
The moth of wrath closely misses Servia.
Servia closely misses the green draconian monk.
Servia barely misses the moth of wrath.
Servia hits the yellow draconian with a +0 broad axe of speed!
The yellow draconian hits Servia with a +0 halberd!
You feel better. The electric golem closely misses you.
You furiously retaliate!
You headbutt the electric golem! The electric golem barely misses you.
The electric golem hits you!
* * * LOW HITPOINT WARNING * * *
The electric golem completely misses you.
Servia blocks the green draconian monk's attack.
The green draconian monk kicks Servia!
The green draconian monk tail-slaps Servia but does no damage.
The green draconian monk barely misses Servia.
You block the white draconian's attack.
The moth of wrath bites Servia but does no damage.
Servia closely misses the green draconian monk.
Servia closely misses the moth of wrath.
Servia hits the yellow draconian with a +0 broad axe of speed.
The green draconian monk completely misses you. x2
The green draconian monk tail-slaps you!
You die...

#...####.................
....###.................#
...###..................#
..###....)).....# .....#
..###.....)....## #......
..##..........####.......
......†.).....###.....^#
...............#9d)y..#
................@qqR..#
........[.........#d.....
......##.........###..)..
......##.........# ...).
.....###...##..... ....
.....# #... ##..... ...
.....# #... #...... ...
###..# #. #..###.. #
#..##


You could see the friendly Servia the knight (fast, reflecting), an electric
golem, 2 draconians, a yellow draconian (berserk), a white draconian (berserk)
and a moth of wrath (distracted).

Vanquished Creatures
  the Royal Jelly (Slime:5)
  2 ancient liches (Vaults:5)
  A juggernaut (Depths:3)
  The ghost of Luiw the Slayer, a veteran HOBe of Trog (Vaults:1)
  Xtahua (Vaults:3)
  2 golden dragons
  The ghost of Yptir the Protected, an adept AtFE of Vehumet (Vaults:2)
  The ghost of Rakupo Megg the Devastator, a veteran GrEE of Lugonu (Crypt:1)
  Jory (Depths:3)
  Rupert (Lair:3)
  6 tentacled monstrosities
  An Ice Fiend (Depths:3)
  4 titans (Vaults:5)
  4 deep elf blademasters (Elf:3)
  Asterion (Elf:1)
  A quicksilver dragon (Zot:1)
  2 deep elf master archers (Elf:3)
  2 walking frostbound tomes (Depths:3)
  13 acid blobs
  An ancient champion (Crypt:2)
  2 sphinxes
  Kirke (Shoals:4)
  4 tengu reavers
  Agnes (Elf:1)
  4 fire giants
  A storm dragon (Depths:3)
  9 azure jellies
  A draconian knight (Zot:1)
  10 shadow dragons
  Roxanne (Spider:4)
  4 frost giants
  5 deep elf sorcerers (Elf:3)
  9 rockslimes
  16 vault wardens
  2 ghost moths
  Aizul (Shoals:1)
  2 iron dragons (Depths:3)
  3 deep elf elementalists (Elf:3)
  2 draconian scorchers
  3 emperor scorpions (Spider:4)
  A draconian stormcaller (Depths:4)
  3 ghouls (Crypt:1)
  25 very ugly things
  18 ironbound preservers
  A draconian annihilator (Depths:4)
  A reaper (Depths:3)
  3 orc warlords (Vaults:2)
  7 quicksilver oozes
  A war gargoyle (Vaults:3)
  3 spriggan defenders
  4 ironbound thunderhulks
  2 broodmothers
  12 stone giants
  4 green draconians
  A black draconian (Zot:1)
  A deep elf demonologist (Elf:3)
  A minotaur (Gauntlet)
  5 vampire knights
  8 dire elephants
  4 deep elf annihilators
  6 spark wasps
  A white draconian (Zot:1)
  A purple draconian (Zot:1)
  4 merfolk javelineers (Shoals:4)
  13 ettins
  5 deep elf death magi
  A green death (Depths:2)
  Snorg (D:12)
  A crystal guardian (Vaults:3)
  A merfolk impaler (Shoals:4)
  5 jiangshi
  7 entropy weavers
  5 great orbs of eyes
  4 deep elf high priests
  4 hydras
  29 vault guards
  6 fire dragons
  10 yaktaur captains
  2 peacekeepers
  4 ice dragons
  2 rakshasas
  11 ironbound frosthearts
  A hell beast (Depths:3)
  Erica (D:8)
  A jorogumo (Spider:4)
  An ogre mage (Vaults:5)
  A death knight (D:15)
  An alligator (shapeshifter) (Vaults:5)
  5 spriggan air magi
  3 radroaches
  4 merfolk aquamancers
  4 centaur warriors
  A satyr (shapeshifter) (Depths:2)
  6 boulder beetles
  22 dancing weapons
  A catoblepas (Gauntlet)
  A jorogumo (shapeshifter) (Depths:2)
  8 deep troll shamans
  3 merfolk avatars
  12 death yaks
  A satyr (Shoals:3)
  2 alligator snapping turtles (Shoals:4)
  11 two-headed ogres
  A vampire mage (Crypt:1)
  5 tengu warriors
  Nergalle (Lair:3)
  3 deep troll earth magi
  A sun demon (Depths:4)
  An orc high priest (Orc:2)
  21 hell knights
  16 deep elf knights
  6 skeletal warriors
  A goliath frog (shapeshifter) (Depths:2)
  5 iron trolls
  2 soul eaters
  5 pharaoh ants
  Amaemon (Lair:3)
  4 skysharks
  4 orb spiders
  A glowing orange brain (shapeshifter) (Depths:4)
  39 deep trolls
  9 lindwurms
  3 flayed ghosts
  12 harpies
  7 sea snakes
  4 deep elf archers
  5 glowing orange brains
  25 deep elf pyromancers
  14 steelbarb worms
  17 ironbound convokers
  13 orc knights
  8 wizards
  8 phantasmal warriors
  13 wolf spiders
  A swamp dragon (shapeshifter) (Depths:3)
  5 necromancers
  11 deep elf zephyrmancers
  2 oklob plants
  38 ugly things
  10 cyclopes
  8 fauns
  2 orc sorcerers (Orc:2)
  6 moths of wrath
  8 shining eyes
  Maurice (D:9)
  6 black mambas
  8 manticores
  2 centaur zombies (D:15)
  An iron dragon skeleton (Crypt:1)
  6 merfolk sirens
  10 elephants
  A naga mage (D:15)
  2 orange demons
  13 vault sentinels
  3 molten gargoyles
  A centaur skeleton (D:15)
  10 demonic crawlers
  A shock serpent zombie (Crypt:1)
  6 cane toads
  2 ice statues (Depths:3)
  10 water nymphs
  4 torpor snails (Spider:4)
  2 large abominations (Elf:1)
  3 gargoyles
  5 freezing wraiths
  8 komodo dragons
  A rime drake (Lair:2)
  2 ice devils (Depths:2)
  A kobold demonologist (D:13)
  An efreet (D:15)
  An orb spider zombie (Crypt:1)
  29 yaktaurs
  7 tengu conjurers
  25 merfolk
  4 trolls
  3 wind drakes
  5 hornets
  10 meliai
  8 polar bears
  A wolf spider simulacrum (D:14)
  16 tarantellas
  A tarantella zombie (Crypt:1)
  13 blink frogs
  19 dream sheep
  8 snapping turtles
  101 slime creatures
  18 jumping spiders
  A shadow (D:9)
  2 centaur simulacra (D:13)
  12 water elementals
  18 culicivoras
  An air elemental (Elf:2)
  3 hogs (Shoals:4)
  4 spriggans
  8 wraiths
  5 fire elementals
  6 golden eyes
  A human (shapeshifter) (Elf:2)
  A human (Shoals:4)
  5 wyverns
  37 yaks
  A basilisk (D:13)
  44 redbacks
  A neqoxec (Depths:2)
  Grum (D:8)
  2 death yak simulacra
  2 vampire mosquitoes (D:14)
  5 steam dragons
  2 wargs (Vaults:1)
  Menkaure (D:6)
  4 swamp worms (D:10)
  An acid dragon (Gauntlet)
  7 water moccasins
  2 floating eyes
  27 orc warriors
  A black bear (shapeshifter) (D:13)
  An ice beast (D:6)
  A sky beast (D:7)
  7 ogres
  5 boggarts (D:14)
  3 centaurs
  10 wolves
  2 phantoms
  An elephant skeleton (Crypt:1)
  3 kobold brigands
  11 bullfrogs
  3 elf zombies (Elf:1)
  An earth elemental (Elf:2)
  2 cane toad simulacra (IceCv)
  A gnoll sergeant (D:9)
  A necrophage (Crypt:1)
  A scorpion (D:4)
  6 water moccasin zombies (Ossuary)
  3 wights
  5 killer bees (D:11)
  An elephant simulacrum (Lair:4)
  8 howler monkeys
  3 electric eels
  4 hounds
  5 jellies
  A gnoll bouda (D:9)
  14 orc priests
  2 sleepcaps
  Jessica (D:2)
  Ijyb (D:4)
  3 iguanas
  24 orc wizards
  A polar bear simulacrum (Lair:4)
  2 wolf simulacra (Lair:4)
  A naga zombie (Crypt:1)
  A naga skeleton (Crypt:1)
  2 mummies (Ossuary)
  10 gnolls
  A steam dragon zombie (Crypt:1)
  8 adders
  A white imp (D:7)
  An ufetubus (D:3)
  6 adder zombies (Ossuary)
  A jelly zombie (Crypt:1)
  2 worms
  3 dart slugs
  53 orcs
  4 bats
  7 endoplasms
  4 giant cockroaches
  4 gnoll zombies (Ossuary)
  8 hobgoblins
  9 jackals
  42 kobolds
  A quokka (D:2)
  7 ball pythons
  3 frilled lizards
  6 goblins
  2 hobgoblin zombies (Ossuary)
  7 kobold zombies (Ossuary)
  9 orc zombies (Ossuary)
  A quokka zombie (Crypt:1)
  2 rats
  A briar patch (D:10)
1720 creatures vanquished.

Vanquished Creatures (collateral kills)
  An ancient lich (Crypt:1)
  Saint Roka (Vaults:1)
  2 golden dragons
  3 tentacled monstrosities
  A quicksilver dragon (Vaults:5)
  2 liches
  3 acid blobs (Slime:5)
  A death cob (Zot:1)
  An ancient champion (Crypt:1)
  A sphinx (Vaults:5)
  2 tengu reavers (Vaults:5)
  3 shadow dragons
  A rockslime (Slime:5)
  3 azure jellies
  2 fire giants
  2 vault wardens
  A ghost moth (shapeshifter) (Vaults:5)
  An emperor scorpion (Spider:4)
  A frost giant (Vaults:5)
  An orc warlord (Vaults:1)
  A caustic shrike zombie (Crypt:2)
  9 ironbound preservers
  14 very ugly things
  A ghoul (Crypt:1)
  A stone giant (Depths:1)
  2 quicksilver oozes
  2 war gargoyles
  An ironbound thunderhulk (Vaults:4)
  A broodmother (Spider:3)
  A vampire knight (Depths:4)
  A spark wasp (Spider:4)
  A white draconian (Zot:1)
  A yellow draconian (Depths:4)
  A purple draconian (Depths:4)
  A black draconian (Depths:4)
  5 ettins
  A deep elf death mage (Elf:1)
  2 merfolk impalers (Shoals:4)
  5 deep elf high priests
  A yaktaur captain (Vaults:2)
  5 great orbs of eyes
  3 fire dragons
  2 entropy weavers (Spider:2)
  3 ice dragons
  A peacekeeper (Vaults:3)
  7 vault guards
  An ice dragon (shapeshifter) (Depths:1)
  3 spriggan air magi
  A centaur warrior (D:13)
  A merfolk aquamancer (Shoals:3)
  An ironbound frostheart (Vaults:3)
  2 ogre magi (D:15)
  2 radroaches
  An alligator snapping turtle (Shoals:4)
  3 boulder beetles
  3 dancing weapons
  2 death knights (Crypt:1)
  A vampire mage (Depths:3)
  A two-headed ogre (D:15)
  4 deep troll shamans
  A deep troll earth mage (Depths:4)
  6 death yaks
  A hell hog (Depths:3)
  3 orc high priests
  A shock serpent (shapeshifter) (Vaults:5)
  A deep elf knight (Elf:2)
  A spriggan berserker (Depths:4)
  2 hell knights
  A fire crab (Lair:4)
  2 skeletal warriors
  A skyshark (Lair:5)
  An iron troll (Depths:3)
  A sea snake (Shoals:1)
  11 deep trolls
  A wizard (Vaults:4)
  A deep elf archer (Elf:1)
  An orc knight (Vaults:2)
  5 necromancers
  2 steelbarb worms (Spider:4)
  An ironbound convoker (Vaults:3)
  4 deep elf pyromancers
  5 harpies
  2 deep elf zephyrmancers
  7 lindwurms
  2 wolf spiders
  A mana viper (shapeshifter) (D:14)
  12 ugly things
  4 orc sorcerers
  3 manticores
  A shining eye (Slime:5)
  A faun (Shoals:1)
  3 moths of wrath
  4 elephants
  3 black mambas
  2 merfolk sirens (Shoals:1)
  A torpor snail (Spider:4)
  A water nymph (Shoals:3)
  2 vault sentinels (Vaults:1)
  3 demonic crawlers
  3 cane toads
  A centaur skeleton (D:15)
  An unseen horror (D:11)
  3 komodo dragons
  A freezing wraith (D:15)
  6 yaktaurs
  A komodo dragon (shapeshifter) (Vaults:5)
  4 merfolk
  A meliai (D:15)
  A red devil (Depths:2)
  2 wind drakes
  2 hornets (Depths:3)
  4 tarantellas
  3 blink frogs
  4 dream sheep
  3 snapping turtles
  20 slime creatures
  5 culicivoras
  A wyvern (D:10)
  A spriggan (Depths:3)
  4 jumping spiders
  A wraith (Crypt:1)
  A ynoxinul (Depths:2)
  6 yaks
  2 basilisks
  3 water elementals
  2 golden eyes
  A chaos spawn (Depths:2)
  10 redbacks
  6 water moccasins
  A black bear (Lair:1)
  2 orc warriors
  A knight (Spider:1)
  6 wolves
  2 kobold brigands
  2 elf zombies (Elf:1)
  2 bullfrogs (Lair:3)
  A draconian zombie (Crypt:1)
  A gnoll sergeant (D:12)
  A killer bee (D:11)
  A jelly (Lair:5)
  2 orc priests (Orc:2)
  5 orc wizards
  A gnoll (D:9)
  An adder (D:12)
  9 orcs
  5 kobolds
  5 briar patches (D:10)
388 creatures vanquished.

Vanquished Creatures (others)
  2 deep elf master archers (Elf:3)
  A vault warden (Vaults:5)
  4 stone giants
  A yaktaur captain (Vaults:5)
  A deep elf knight (Elf:3)
  A wizard (Vaults:2)
  A deep elf pyromancer (Elf:3)
  A deep elf zephyrmancer (Elf:2)
  A vault sentinel (Vaults:2)
  2 yaktaurs
  A human (Shoals:4)
  9 ancestors
  46 knights
  2 orcs
  A kobold (D:13)
  A bush (Lair:4)
  35 fungi
  84 plants
194 creatures vanquished.

Grand Total: 2302 creatures vanquished

Notes
Turn   | Place    | Note
-------+----------+-------------------------------------------
     0 | D:1      | Lobster4 the Minotaur Hunter began the quest for the Orb.
     0 | D:1      | Reached XP level 1. HP: 18/18 MP: 0/0
   154 | D:1      | Reached skill level 1 in Stealth
   184 | D:1      | Reached XP level 2. HP: 25/25 MP: 1/1
   194 | D:1      | Reached skill level 1 in Armour
   357 | D:1      | Reached XP level 3. HP: 30/30 MP: 2/2
   359 | D:1      | Reached skill level 3 in Fighting
   972 | D:2      | Found a faded altar of an unknown god.
  1116 | D:2      | Noticed Jessica
  1121 | D:2      | Killed Jessica
  1122 | D:2      | Reached skill level 1 in Maces & Flails
  1122 | D:2      | Reached XP level 4. HP: 38/38 MP: 3/3
  1550 | D:3      | Found a blossoming altar of Fedhas.
  1664 | D:3      | Reached skill level 5 in Ranged Weapons
  1934 | D:3      | Noticed a bullfrog
  2283 | D:4      | Noticed a scorpion
  2287 | D:4      | Killed a scorpion
  2288 | D:4      | Reached XP level 5. HP: 42/46 MP: 4/4
  2403 | D:4      | Reached skill level 4 in Fighting
  2495 | D:4      | Reached XP level 6. HP: 52/52 MP: 5/5
  2730 | D:4      | Noticed Ijyb
  2734 | D:4      | Paralysed by Ijyb for 3 turns
  2740 | D:4      | Paralysed by Ijyb for 5 turns
  2770 | D:4      | Killed Ijyb
  3386 | D:5      | Entered Level 5 of the Dungeon
  3391 | D:5      | Reached skill level 1 in Evocations
  3471 | D:5      | Noticed a water moccasin
  3492 | D:5      | Killed a water moccasin
  3493 | D:5      | Reached XP level 7. HP: 53/60 MP: 6/6
  3904 | D:5      | Reached skill level 5 in Fighting
  4888 | D:6      | Noticed Menkaure
  4924 | D:6      | Reached skill level 5 in Dodging
  4930 | D:6      | Reached XP level 8. HP: 37/69 MP: 7/7
  5147 | D:6      | Reached skill level 5 in Armour
  5163 | D:6      | Killed Menkaure
  5164 | D:6      | Reached skill level 6 in Fighting
  5716 | D:6      | Found an iron altar of Okawaru.
  5932 | D:7      | Found a staircase to the Ecumenical Temple.
  5939 | Temple   | Entered the Ecumenical Temple
  6025 | Temple   | Became a worshipper of Hepliaklqana the Forgotten
  6335 | D:6      | Reached XP level 9. HP: 68/76 MP: 8/8
  6383 | D:7      | Found a sand-covered staircase.
  6387 | Ossuary  | Entered an ossuary
  6421 | Ossuary  | Reached skill level 7 in Fighting
  6421 | Ossuary  | Reached skill level 1 in Invocations
  7681 | D:7      | Reached skill level 8 in Fighting
  8167 | D:8      | Noticed Grum
  8175 | D:8      | Reached XP level 10. HP: 84/89 MP: 11/11
  8179 | D:8      | Killed Grum
  8349 | D:8      | Noticed Erica
  8361 | D:8      | Killed Erica
  8484 | D:8      | Identified the amulet of Ahoqes {Reflect MP+9 SH+5}
  8834 | D:9      | Reached skill level 1 in Long Blades
  8879 | D:8      | Reached skill level 9 in Fighting
  8879 | D:8      | Reached skill level 1 in Throwing
  9057 | D:9      | Found a stormy altar of Qazlal.
  9098 | D:9      | Found a staircase to the Lair.
  9129 | D:9      | Found a basalt altar of Yredelemnul.
  9344 | D:9      | Reached * piety under Hepliaklqana
  9395 | D:9      | Reached skill level 1 in Spellcasting
  9531 | D:9      | Noticed Maurice
  9645 | D:9      | Killed Maurice
  9846 | D:10     | Entered Level 10 of the Dungeon
  9846 | D:10     | Noticed a two-headed ogre
  9933 | D:10     | Killed a two-headed ogre
  9993 | D:10     | Found a transporter.
 10019 | D:10     | Found a transporter.
 10215 | D:10     | Found Daazoume's Lightly-Used Armoury.
 10238 | D:10     | Found a staircase to the Orcish Mines.
 10288 | D:10     | Reached XP level 11. HP: 87/87 MP: 12/12
 10478 | D:10     | Noticed a two-headed ogre
 10492 | D:10     | Killed a two-headed ogre
 10947 | D:10     | Found an ornate altar of the Wu Jian Council.
 11160 | D:10     | Reached skill level 10 in Fighting
 11160 | D:10     | Reached skill level 10 in Ranged Weapons
 11497 | D:10     | Learned a level 3 spell: Teleport Other
 11597 | D:11     | Reached ** piety under Hepliaklqana
 11599 | D:11     | Remembered your ancestor Servia as a knight
 11919 | D:11     | Reached skill level 10 in Armour
 11933 | D:11     | Reached skill level 1 in Translocations
 12264 | Lair:1   | Entered Level 1 of the Lair of Beasts
 12688 | Lair:1   | Reached XP level 12. HP: 97/97 MP: 15/15
 12738 | Lair:1   | Reached skill level 10 in Dodging
 12978 | Lair:1   | Reached skill level 11 in Fighting
 13705 | Lair:2   | Reached *** piety under Hepliaklqana
 13834 | Lair:2   | Found a staircase to the Shoals.
 14122 | Lair:2   | Noticed a five-headed hydra
 14131 | Lair:2   | Killed a five-headed hydra
 14375 | Lair:3   | Reached skill level 12 in Fighting
 14560 | Lair:3   | Found a hole to the Spider Nest.
 14786 | Lair:3   | You fall into a shaft and drop 2 floors!
 14786 | Lair:5   | Entered Level 5 of the Lair of Beasts
 14808 | Lair:5   | Noticed a five-headed hydra
 14820 | Lair:5   | Killed a five-headed hydra
 14831 | Lair:5   | Reached XP level 13. HP: 76/106 MP: 16/16
 15086 | Lair:4   | Found a frozen archway.
 15222 | IceCv    | Entered an ice cave
 15267 | IceCv    | Found the +4 skin of Zhor {*Englaciate rC+++ SInv}
 15269 | IceCv    | Found a transporter.
 15286 | IceCv    | Found a transporter.
 15293 | IceCv    | Identified the +3 sling of the Mouth {heavy, rPois rF-
                  | Str+3 Int+4}
 15296 | IceCv    | Got Hofreed's Omnibus of Outbursts and Bones
 15333 | Lair:4   | Found a gate leading to a gauntlet.
 15344 | Gauntlet | Entered a Gauntlet
 15344 | Gauntlet | Found a transporter.
 15448 | Gauntlet | Found a transporter.
 15450 | Gauntlet | Found a transporter.
 15461 | Gauntlet | Found a transporter.
 15464 | Gauntlet | Found a transporter.
 15469 | Gauntlet | Found a runed translucent door.
 15469 | Gauntlet | Found a runed translucent door.
 15474 | Gauntlet | Found a transporter.
 15490 | Gauntlet | Found a transporter.
 15501 | Gauntlet | Found a transporter.
 15515 | Gauntlet | Found a transporter.
 15528 | Gauntlet | Found a transporter.
 15529 | Gauntlet | Reached **** piety under Hepliaklqana
 15542 | Gauntlet | Found a transporter.
 15542 | Gauntlet | Found a transporter.
 15584 | Gauntlet | Found a transporter.
 15599 | Gauntlet | Found a transporter.
 15777 | Gauntlet | Reached skill level 5 in Translocations
 15833 | Gauntlet | Identified the ring of Punwia {Ice *Corrode Int+6}
 15838 | Gauntlet | Identified the staff of fire "Xupiuj" {rElec rF+ rN+ Str+4
                  | Dex+2}
 16011 | Gauntlet | Identified the staff of poison "Jeneeck" {rPois Int+5}
 16011 | Gauntlet | Noticed a minotaur
 16042 | Gauntlet | Killed a minotaur
 16167 | Lair:4   | Reached skill level 13 in Fighting
 17386 | Lair:3   | Identified the -1 pair of gloves of the Devil {*Corrode
                  | +Inv rF++ Regen+}
 17445 | Lair:3   | Noticed Rupert
 17462 | Lair:3   | Killed Rupert
 17476 | Lair:3   | Reached XP level 14. HP: 57/116 MP: 17/17
 17646 | Lair:3   | Noticed Nergalle
 17655 | Lair:3   | Killed Nergalle
 17733 | Lair:3   | Reached ***** piety under Hepliaklqana
 17836 | Lair:3   | Reached skill level 5 in Long Blades
 17883 | Lair:3   | Identified the +0 pair of boots of Rafrumn {Rampage rC++
                  | Will- Slay+3}
 18020 | Lair:3   | Noticed Amaemon
 18031 | Lair:3   | Killed Amaemon
 18040 | Lair:3   | Identified a scroll of acquirement
 18375 | Lair:4   | Reached skill level 14 in Fighting
 19271 | Lair:5   | Found a staircase to the Slime Pits.
 19449 | Lair:5   | Found a viscous altar of Jiyva.
 19747 | Lair:5   | Got Puph's Precepts of Nausea and the Fairies
 19841 | Lair:5   | Reached skill level 15 in Fighting
 20040 | Orc:1    | Entered Level 1 of the Orcish Mines
 20121 | Orc:2    | Entered Level 2 of the Orcish Mines
 20354 | Orc:2    | Found a staircase to the Elven Halls.
 20380 | Orc:2    | Found Fifoufel's Assorted Antiques.
 20391 | Orc:2    | Reached skill level 15 in Armour
 20401 | Orc:2    | Bought a sapphire potion for 26 gold pieces
 20401 | Orc:2    | Acquired 722 gold pieces
 21004 | Orc:2    | Paralysed by an orc sorcerer for 3 turns
 21394 | Orc:2    | Found Fawekly's Antique Weapon Shop.
 21399 | Orc:2    | Found Ziecotast's General Store.
 21412 | Orc:2    | Found Ypipto's Armour Emporium.
 21414 | Orc:2    | Found Moolade's General Store.
 21455 | Orc:2    | Bought a runed shortbow for 120 gold pieces
 21560 | D:12     | Reached skill level 15 in Ranged Weapons
 21560 | D:12     | Reached XP level 15. HP: 126/126 MP: 18/18
 21909 | D:12     | Noticed Snorg
 21913 | D:12     | Killed Snorg
 22255 | D:12     | Found Luisawk's Serpentskin Sales.
 22293 | D:13     | Reached skill level 16 in Fighting
 22611 | D:13     | Found a gate to the Vaults.
 23175 | D:14     | Found Koat's Book Shop.
 23194 | D:14     | Reached ****** piety under Hepliaklqana
 23308 | D:14     | Found Dehikohu's Magic Scroll Emporium.
 23350 | D:14     | Bought a scroll of blinking for 82 gold pieces
 23683 | D:15     | Entered Level 15 of the Dungeon
 23816 | D:15     | Found a staircase to the Depths.
 24174 | D:15     | Identified the amulet "Lyffoton" {Faith Rampage Will-
                  | Regen+ Int+3}
 24318 | D:15     | Reached skill level 17 in Fighting
 24386 | D:15     | Reached XP level 16. HP: 139/139 MP: 22/22
 24747 | Shoals:1 | Entered Level 1 of the Shoals
 24836 | Shoals:1 | Reached skill level 5 in Spellcasting
 25157 | Shoals:1 | Noticed Aizul
 25175 | Shoals:1 | Killed Aizul
 27182 | Shoals:4 | Entered Level 4 of the Shoals
 27222 | Shoals:4 | Reached skill level 18 in Fighting
 27263 | Shoals:4 | Found Esumil's Self-Improvement Boutique.
 27802 | Shoals:4 | Got a barnacled rune of Zot
 27853 | Shoals:4 | Noticed Kirke
 27869 | Shoals:4 | Killed Kirke
 27870 | Shoals:4 | Reached skill level 5 in Invocations
 27902 | Shoals:4 | Identified the +2 ring mail of the Hurling Gods {rCorr
                  | Str+3}
 28339 | Shoals:4 | Reached XP level 17. HP: 96/149 MP: 23/23
 28362 | Shoals:4 | Identified the ring "Vom Leto" {rF+ rN+ rCorr Int+6 Dex-3}
 29636 | Spider:1 | Entered Level 1 of the Spider Nest
 29754 | Spider:1 | Acquired a +4 heavy longbow
 30729 | Spider:1 | Reached skill level 19 in Fighting
 32050 | Spider:3 | Identified the +1 plate armour of Iroenta {rC- Str+5 Int+7}
 32338 | Spider:4 | Entered Level 4 of the Spider Nest
 32783 | Spider:4 | Reached XP level 18. HP: 137/160 MP: 24/24
 33009 | Spider:4 | Identified Roxanne's Directory of Evolution
 33009 | Spider:4 | Noticed Roxanne
 33805 | Spider:4 | Killed Roxanne
 34020 | Spider:4 | Reached skill level 20 in Fighting
 34280 | Spider:4 | Reached skill level 10 in Translocations
 34389 | Spider:4 | Got a gossamer rune of Zot
 34429 | Spider:4 | Learned a level 3 spell: Gell's Gravitas
 34433 | Spider:4 | Learned a level 3 spell: Volatile Blastmotes
 34734 | Elf:1    | Entered Level 1 of the Elven Halls
 34841 | Elf:1    | Found Enudiz's Antique Weapon Shop.
 34853 | Elf:1    | Bought a scorched sling for 169 gold pieces
 34853 | Elf:1    | Identified the +2 sling "Guifuf" {flame, rF+ Int+4} (You
                  | bought it in a shop on level 1 of the Elven Halls)
 34870 | Elf:1    | Found Leesuono's Jewellery Boutique.
 34947 | Elf:1    | Found Hauqonua's Distillery.
 35098 | Elf:1    | Noticed Asterion
 35233 | Elf:1    | Reached skill level 1 in Fire Magic
 35359 | Elf:1    | Got Ifisiaj's Excursus on Sciomancy
 35412 | Elf:1    | Noticed Agnes
 35421 | Elf:1    | Killed Agnes
 36610 | Elf:2    | Found a runed translucent gate.
 36611 | Elf:2    | Found a runed translucent gate.
 36611 | Elf:2    | Found a runed translucent gate.
 37038 | Elf:2    | Reached skill level 5 in Evocations
 37355 | Elf:3    | Entered Level 3 of the Elven Halls
 38038 | Elf:3    | Reached XP level 19. HP: 168/168 MP: 27/27
 39695 | Elf:3    | Identified the +9 eveningstar of Unbearable Guilt {freeze,
                  | rPois rF++ Dex-2 SInv}
 39939 | Abyss:3  | Cast into level 3 of the Abyss (a deep elf demonologist)
 40015 | Elf:3    | Escaped the Abyss
 40183 | Elf:3    | Identified the ring of Tunnuibb {Wiz rC++ Str+3 Stlth+}
 40210 | Elf:3    | Reached skill level 21 in Fighting
 40223 | Elf:3    | Got Sif Muna's Grimoire of Shifting Terra Firma
 40232 | Elf:3    | Identified the +6 great sword "Zoarhiyx" {speed, rN+ Str+2}
 40233 | Elf:3    | Identified the +2 pair of boots of Rucutoesk {Slay+3}
 40256 | Elf:3    | Identified the +7 flail of Righteous Fury {venom, rC+ rN+
                  | Str+2}
 40258 | Elf:3    | Identified the +1 dagger of Instinct {flame, rF- Will-
                  | Str+7 Stlth+}
 40265 | Elf:3    | Learned a level 2 spell: Blink
 40314 | Elf:3    | Learned a level 3 spell: Portal Projectile
 40317 | Elf:3    | Learned a level 2 spell: Momentum Strike
 40514 | Elf:1    | Killed Asterion
 40704 | Vaults:1 | Entered Level 1 of the Vaults
 40711 | Vaults:1 | Noticed Saint Roka
 40724 | Vaults:1 | Killed Saint Roka
 41068 | Vaults:1 | Reached skill level 1 in Conjurations
 41077 | Vaults:1 | Reached skill level 1 in Hexes
 41885 | Vaults:1 | Reached skill level 5 in Maces & Flails
 41912 | Vaults:1 | Reached XP level 20. HP: 138/178 MP: 29/29
 42356 | Vaults:1 | Found a transporter.
 42363 | Vaults:1 | Found a bloodstained altar of Trog.
 42371 | Vaults:1 | Found a transporter.
 42373 | Vaults:1 | Noticed Luiw's ghost (veteran HOBe)
 43482 | Vaults:2 | Found a staircase to the Crypt.
 43482 | Vaults:2 | Found an ancient bone altar of Kikubaaqudgha.
 43483 | Vaults:2 | Found a basalt altar of Yredelemnul.
 43531 | Vaults:2 | Found a runed translucent gate.
 43532 | Vaults:2 | Found a runed translucent gate.
 43533 | Vaults:2 | Found a runed translucent gate.
 43533 | Vaults:2 | Noticed Yptir's ghost (adept AtFE)
 44010 | Vaults:2 | Identified the +9 mace "Isaybis" {protect, Will- MP+9
                  | Str+4}
 45103 | Vaults:3 | Paralysed by a great orb of eyes for 2 turns
 45217 | Vaults:3 | Noticed Xtahua
 45486 | Vaults:3 | Reached skill level 10 in Invocations
 45499 | Vaults:3 | Killed Xtahua
 46039 | Vaults:3 | Reached skill level 22 in Fighting
 46673 | Vaults:4 | Reached XP level 21. HP: 186/186 MP: 30/30
 46892 | Vaults:4 | Identified the +1 scale mail of the Catamount {*Slow Dex+5
                  | SInv}
 47091 | Vaults:4 | Found the +9 scales of the Dragon King {rPois rF+ rC+
                  | Will+}
 47336 | Vaults:4 | Reached skill level 15 in Dodging
 47539 | Vaults:4 | Found Zuesis's Antique Armour Emporium.
 47545 | Vaults:4 | Bought a pair of pitted boots for 465 gold pieces
 47545 | Vaults:4 | Identified the +2 pair of boots "Ehoklasu" {rF- MP+9 Dex+2
                  | SInv} (You bought it in a shop on level 4 of the Vaults)
 47854 | Vaults:4 | Found Tisateg's Armour Shoppe.
 48106 | Depths:1 | Entered Level 1 of the Depths
 48846 | Depths:1 | Found a one-way gate to the infinite horrors of the Abyss.
 48944 | Depths:1 | Identified the ring of Tono {rCorr Int+5}
 49024 | Depths:1 | Identified the +3 scale mail "Daoh" {rPois Int-4 Slay+2
                  | Stlth+}
 49188 | Depths:1 | Noticed Mara
 49767 | Depths:2 | Found a gateway to Hell.
 50907 | Depths:2 | Found a one-way gate leading to the halls of Pandemonium.
 51403 | Depths:3 | Reached skill level 23 in Fighting
 51408 | Depths:3 | Reached XP level 22. HP: 177/198 MP: 32/32
 51840 | Depths:3 | Noticed a golden dragon
 51850 | Depths:3 | Killed a golden dragon
 52199 | Depths:3 | Noticed Jory
 52211 | Depths:3 | Killed Jory
 52212 | Depths:3 | Reached skill level 5 in Hexes
 52282 | Depths:3 | Identified the +1 pair of gloves of Midsummer {Str+3}
 52353 | Depths:3 | Noticed a golden dragon
 52360 | Depths:3 | Noticed a juggernaut
 52362 | Depths:3 | Killed a golden dragon
 52444 | Depths:3 | Killed a juggernaut
 53001 | Depths:3 | Found Fofreguf's Jewellery Emporium.
 53001 | Depths:3 | Found Oxuin's Book Shop.
 53034 | Depths:3 | Found Puizub's Book Shop.
 53537 | Depths:4 | Entered Level 4 of the Depths
 54116 | Depths:4 | Found a one-way gateway to a ziggurat.
 54446 | Depths:4 | Found a sparkling altar of Nemelex Xobeh.
 55235 | Depths:4 | Found a gate to the Realm of Zot.
 55646 | Crypt:1  | Entered Level 1 of the Crypt
 55727 | Crypt:1  | Reached skill level 24 in Fighting
 55896 | Crypt:1  | You fall into a shaft and drop 1 floor!
 55929 | Crypt:2  | Reached XP level 23. HP: 204/206 MP: 35/35
 55997 | Crypt:1  | Paralysed by a vampire knight for 5 turns
 56355 | Crypt:1  | Noticed Rakupo Megg's ghost (veteran GrEE)
 56361 | Crypt:1  | Found a runed translucent door.
 56619 | Crypt:1  | Noticed an ancient lich
 56641 | Crypt:1  | Killed an ancient lich
 57163 | Crypt:1  | Killed Rakupo Megg's ghost
 57514 | Crypt:2  | Noticed Mennas
 57801 | Slime:1  | Entered Level 1 of the Pits of Slime
 59419 | Vaults:1 | Killed Luiw's ghost
 59970 | Vaults:2 | Killed Yptir's ghost
 60435 | Slime:1  | Gained mutation: You sometimes lose your temper in combat.
                  | [a shining eye]
 61253 | Slime:3  | Reached skill level 10 in Spellcasting
 61763 | Slime:4  | Gained mutation: Armour fits poorly on your strangely
                  | shaped body. [a shining eye]
 61764 | Slime:4  | Gained mutation: Your magical capacity is low. (-10% MP) [a
                  | shining eye]
 62380 | Slime:5  | Entered Level 5 of the Pits of Slime
 62434 | Slime:5  | Reached skill level 25 in Fighting
 62818 | Slime:5  | Found a viscous altar of Jiyva.
 62866 | Slime:5  | Noticed the Royal Jelly
 63015 | Slime:5  | Killed the Royal Jelly
 63250 | Slime:5  | Found the +6 arbalest "Damnation" {damnation}
 63256 | Slime:5  | Got a slimy rune of Zot
 63258 | Slime:5  | Identified the +1 cloak of Reason {rPois}
 63259 | Slime:5  | Identified the +6 rapier of Fortitude {drain, rN+ rCorr
                  | Str+2 Int-4}
 63686 | Slime:5  | Identified the amulet "Diboet" {Faith Fragile rF+ rN+
                  | Str+8}
 64299 | Vaults:5 | Entered Level 5 of the Vaults
 64597 | Vaults:5 | Noticed an ancient lich
 64949 | Vaults:5 | Killed an ancient lich
 64950 | Vaults:5 | Reached XP level 24. HP: 143/219 MP: 32/32
 64960 | Vaults:5 | Identified the amulet of Jefoi {Acrobat Rampage rC+ Str+6
                  | Slay+2}
 64967 | Vaults:5 | Reached skill level 26 in Fighting
 65461 | Vaults:5 | Identified the +6 long sword "Gifuanu Unaj" {holy, Will+}
 65950 | Vaults:5 | Lost mutation: Armour fits poorly on your strangely shaped
                  | body. [potion of mutation]
 65950 | Vaults:5 | Lost mutation: Your magical capacity is low. (-10% MP)
                  | [potion of mutation]
 65950 | Vaults:5 | Lost mutation: You sometimes lose your temper in combat.
                  | [potion of mutation]
 65950 | Vaults:5 | Gained mutation: You sometimes lose your temper in combat.
                  | [potion of mutation]
 65950 | Vaults:5 | Gained mutation: You are agile. (Dex +4, Str/Int -1)
                  | [potion of mutation]
 66027 | Vaults:5 | Got Fohi's Precepts of Open Graves and Burning
 66044 | Vaults:5 | Identified the +10 trident of the Four Persimmons {freeze,
                  | *Noise rCorr Int-4 Stlth+}
 66070 | Vaults:5 | Noticed an ancient lich
 66077 | Vaults:5 | Killed an ancient lich
 66283 | Vaults:5 | Got a silver rune of Zot
 66318 | Vaults:5 | Identified the staff of earth "Kut Neda" {Int+4}
 66448 | Vaults:5 | Reached skill level 27 in Fighting
 66550 | Vaults:5 | Identified the staff of conjuration "Pikel" {*Slow rElec
                  | Will+ Int+3}
 66568 | Vaults:5 | Got the Elucidation of the Autopsy
 67128 | Vaults:5 | Identified the staff of earth "Edapukea" {rElec rPois rN+
                  | Int+2}
 67574 | Zot:1    | Entered Level 1 of the Realm of Zot
 67581 | Zot:1    | Identified the scarf of Nemelex Xobeh's Favour {harm, rCorr
                  | Int+2 Stlth-}
 67999 | Zot:1    | HP: 10/224 [green draconian monk (21)]
 68001 | Zot:1    | Slain by a green draconian monk

Illustrated notes

Levels and vault maps discovered:
D:1:      matt_arrival_spirals, layout_rooms
D:2:      layout_basic, shapermc_ecumenical_altar_acropolis,
          kennysheep_generic_room_14, uniq_jessica
D:3:      layout_basic, fedhas_altar_2, ebering_dispersal_statue_hall
D:4:      layout_cave_pods, minmay_surrounded, uniq_ijyb
D:5:      layout_basic
D:6:      layout_basic, mainiacjoe_overflow_six_doors_small, uniq_menkaure
D:7:      kennysheep_kobold_camp, layout_cave_pools,
          minmay_temple_entry_junction_2, enter_ossuary_5
D:8:      layout_rooms, corexii_hall_statues_t, lightli_orcish_oven, uniq_erica,
          uniq_grum
D:9:      layout_roguey, mainiacjoe_overflow_concentric_impassable,
          grunt_qazlal_clouds, lair_entry_dummy, uniq_maurice
D:10:     gammafunk_worm_tunnel, layout_basic, nzn_wu_jian_contemplation,
          minmay_orc_entry_temple_small, minmay_shop_damaged,
          grunt_ministairs_10
D:11:     hellmonk_crumbling_castle, layout_irregular_city
D:12:     layout_loops_cross, guppyfry_shop_venom, uniq_snorg
D:13:     layout_basic, david_vaults_1, serial_ice, serial_ice_a, serial_ice_o,
          serial_ice_e, serial_ice_k
D:14:     layout_long_grid, serial_shops, shop, shop
D:15:     grunt_enter_depths_magical_seal, layout_basic, st_stairs_3
Temple:   minmay_temple_bridge_d
Lair:1:   hellmonk_ruined_rings, layout_cave_pods
Lair:2:   layout_cellular_growth, nicolae_shoals_entry_roost
Lair:3:   layout_long_grid, nicolae_spider_entry_tight_spaces,
          cheibrodos_lair_caveside_slide, minmay_lair_oklob_items, uniq_amaemon,
          uniq_rupert, uniq_nergalle
Lair:4:   layout_regular_city, gauntlet_entry_generic,
          portal_ice_cave_entry_ice_simulacra, grunt_megastairs_1,
          serial_bayou_shore_a
Lair:5:   gammafunk_lair_ancient_temple, layout_cave_pods,
          nicolae_slime_entry_field_trip, lemuel_fruit_fields
Shoals:1: layout_shoals, uniq_aizul
Shoals:2: nicolae_shoals_aurelia_aurita, layout_shoals
Shoals:3: layout_shoals, nicolae_shoals_water_shrine
Shoals:4: shoals_end_simple, layout_shoals, nicolae_shop_self_help, uniq_kirke
Spider:1: layout_spider_delve
Spider:2: layout_spider_delve, nicolae_spider_circle_web
Spider:3: layout_spider_delve, nicolae_spider_moth_buddies
Spider:4: hellmonk_spider_rune_bug_friends, einodemon_crawler_minivault,
          uniq_roxanne
Slime:1:  layout_caves
Slime:2:  layout_caves
Slime:3:  layout_caves
Slime:4:  layout_caves
Slime:5
Orc:1:    layout_diamond_mine
Orc:2:    st_orc_elflike, layout_caves, serial_shops, nicolae_shop_crystal
Elf:1:    minmay_elf_arrival_plus, layout_geoelf_diagonals, serial_shops,
          shop_fountains, shop, shop, minmay_elf_necromancy, uniq_agnes,
          uniq_asterion
Elf:2:    nicolae_elf_blades_crystal_corner, layout_onion_city
Elf:3:    minmay_elf_hall, layout_geoelf_castle
Vaults:1: gammafunk_ghost_wrathful_warriors, vaults_mumra_minichess, v_misc_14,
          nicolae_vaults_theta, st_hourglassy, v_misc_13,
          nicolae_vaults_angled_halls, nicolae_vaults_border_crossing,
          ontoclasm_vaults_twist, nicolae_vaults_little_ls,
          ontoclasm_vaults_ring_square, vaults_room_hallway,
          vaults_dpeg_emergency_exit, ontoclasm_vaults_gateway,
          nicolae_vaults_specimen_jars, layout_vaults_omnicross, uniq_saint_roka
Vaults:2: biasface_ghost_orc_armoury, v_misc_25, ontoclasm_vaults_misaligned,
          minmay_crypt_entry_necro_gods, vaults_dpeg_cross,
          nicolae_vaults_network_s, ontoclasm_vaults_idyll, vaults_dpeg_ring,
          hangedman_vaults_river_flow, nicolae_vaults_little_squares_1,
          nicolae_vaults_little_squares_5, nicolae_vaults_mini_display_case,
          vaults_room_semicircle, vaults_room_door_hall, layout_vaults_omnibox
Vaults:3: v_rooms_3, nicolae_vaults_network_star, nicolae_vaults_big_ls,
          hangedman_vaults_capsules, nicolae_vaults_little_squares_5,
          grunt_vaults_focal, vaults_mumra_minichess_inversion,
          vaults_dpeg_spiral, vaults_room_boxed,
          ontoclasm_vaults_decontamination, v_alt_pattern_1,
          nicolae_vaults_little_squares_6, layout_vaults_maze_bifur, uniq_xtahua
Vaults:4: nicolae_vaults_branching_niches, v_misc_30, v_misc_19,
          vaults_room_pools, nicolae_vaults_three_branches,
          nicolae_vaults_little_squares_1, vaults_room_pools, v_misc_18,
          layout_vaults_big_room, serial_shops, shop, nicolae_square_shop
Vaults:5
Crypt:1:  layout_gridlike, hellmonk_ghost_big_iron
Crypt:2:  layout_chaotic_city, grunt_megastairs_3, lemuel_upstairs_altar,
          uniq_mennas
Depths:1: layout_gridlike, enter_trove_3, hell_entry, abyss_entry,
          nicolae_uskayaw_en_pointe, nicolae_eternal_life, dispersion_dpeg,
          kennysheep_random_hallway, uniq_mara
Depths:2: four-leaf_vault, layout_cave_pools, minmay_misc_feat_more_columns,
          grunt_pan_entry_sceptre, hell_entry, nrook_pool_corridor,
          kennysheep_big_empty_room
Depths:3: thingy_vault, layout_long_grid, pan_entry, minmay_misc_feat_square,
          hangedman_abyss_entry_splay, grunt_mini_vestibule, ice2_lemuel,
          minmay_shop_grove, uniq_jory
Depths:4: grunt_zot_entry_bicorn, layout_gridlike, enter_ziggurat_c,
          grunt_pan_entry_spiral, nemelex_spade_bored_becter,
          hangedman_geh_valley, abyss_entry, drop_trap
Zot:1:    layout_onion

Skill      XL: |  1  2  3  4  5  6  7  8  9 10 11 12 13 14 15 16 17 18 19 20 21 22 23 24 |
---------------+-------------------------------------------------------------------------+-----
Stealth        | 1 |  1.0
Armour         | 1 2 3 4 6 8 9 10 12 13 15 17 | 17.0
Fighting       | 3 4 5 6 8 9 10 12 13 15 17 18 19 20 21 22 23 24 25 27 | 27.0
Maces & Flails | 1 2 5 8 9 |  9.0
Dodging        | 3 4 5 6 7 8 9 11 12 13 14 15 16 17 | 17.0
Ranged Weapons | 5 6 7 8 9 10 11 13 15 16 17 18 19 20 21 22 24 26 | 26.1
Evocations     | 1 2 3 5 |  5.0
Invocations    | 3 5 6 7 8 10 | 10.0
Long Blades    | 2 4 5 7 |  7.0
Throwing       | 2 3 |  3.0
Spellcasting   | 1 3 4 5 6 7 9 10 | 10.0
Translocations | 2 4 5 6 8 9 10 | 10.0
Fire Magic     | 2 3 |  3.0
Conjurations   | 2 3 |  3.0
Hexes          | 2 3 4 5 |  5.0

Action                     |  1- 3 |  4- 6 |  7- 9 | 10-12 | 13-15 | 16-18 | 19-21 | 22-24 || total
---------------------------+-------+-------+-------+-------+-------+-------+-------+-------++-------
  Melee: Longbow           |       |       |       |       |     3 |     2 |       |     2 ||     7
         Headbutt          |       |       |       |       |     1 |       |       |     2 ||     3
         Eveningstar       |       |       |       |       |       |       |       |     4 ||     4
   Fire: Shortbow          |   102 |   172 |   530 |   821 |   474 |       |       |       ||  2099
         Longbow           |       |       |       |       |   883 |  1933 |  1637 |  1861 ||  6314
         Arbalest          |       |       |       |       |       |       |       |    43 ||    43
  Throw: Dart              |       |       |       |     5 |     5 |       |       |       ||    10
         Throwing net      |       |       |       |       |       |     1 |       |       ||     1
   Cast: Teleport Other    |       |       |       |       |     1 |       |     1 |       ||     2
         Gell's Gravitas   |       |       |       |       |       |     2 |       |       ||     2
         Volatile Blastmot |       |       |       |       |       |     2 |       |       ||     2
         Portal Projectile |       |       |       |       |       |       |     6 |    43 ||    49
 Invoke: Recall Ancestor   |       |       |       |     3 |     3 |     4 |     7 |     9 ||    26
         Ancestor Life: Kn |       |       |       |     1 |       |       |       |       ||     1
         Idealise          |       |       |       |       |       |     1 |     2 |     3 ||     6
  Evoke: Wand              |       |       |       |    12 |    18 |       |     4 |     4 ||    38
         Phial of floods   |       |       |       |       |     1 |       |       |     1 ||     2
         Tin of tremorston |       |       |       |       |     2 |       |     3 |     5 ||    10
         Condenser vane    |       |       |       |       |       |       |     4 |     1 ||     5
         Phantom mirror    |       |       |       |       |       |       |     1 |       ||     1
    Use: Scroll            |       |     5 |    20 |     3 |    15 |    15 |    11 |    21 ||    90
         Potion            |       |     1 |     5 |       |     6 |     1 |     4 |    15 ||    32
 Armour: Leather armour    |     5 |       |       |       |       |       |       |       ||     5
         Swamp dragon scal |    14 |    36 |   179 |   146 |    69 |       |       |       ||   444
         Skin              |       |    18 |    22 |       |       |       |       |       ||    40
         Animal skin       |       |       |       |       |    42 |   123 |   107 |   155 ||   427
  Dodge: Dodged            |    29 |    48 |   219 |   376 |   341 |   302 |   260 |   424 ||  1999
  Block: Other             |       |       |       |    95 |    64 |    71 |    60 |    94 ||   384
         Reflection        |       |       |       |     7 |     4 |     3 |    15 |     4 ||    33

Table legend: (Time is in decaauts)
 A = Elapsed time spent in this place.
 B = Non-inter-level travel time spent in this place.
 C = Inter-level travel time spent in this place.
 D = Time resting spent in this place.
 E = Time spent auto-exploring this place.
 F = Levels seen in this place.
 G = Mean time per level.
                   A        B        C        D        E       F      G
               +--------+--------+--------+--------+--------+-----+--------+
         Total |  66647 |  60577 |   6070 |  12691 |  34806 |  55 | 1211.8 |
       Dungeon |  17150 |  15405 |   1745 |   2032 |  10160 |  15 | 1143.3 |
        Temple |    159 |     54 |    105 |      0 |     47 |   1 |  159.0 |
          Lair |   7850 |   6586 |   1264 |   1020 |   3859 |   5 | 1570.0 |
        Shoals |   4665 |   4504 |    161 |    826 |   2913 |   4 | 1166.2 |
   Spider Nest |   4730 |   4159 |    571 |    688 |   2541 |   4 | 1182.5 |
    Slime Pits |   3603 |   3298 |    305 |    864 |   1622 |   5 |  720.6 |
  Orcish Mines |   1164 |    981 |    183 |    230 |    455 |   2 |  582.0 |
   Elven Halls |   5667 |   5272 |    395 |   1748 |   2309 |   3 | 1889.0 |
        Vaults |  11762 |  10796 |    966 |   2754 |   6084 |   5 | 2352.4 |
         Crypt |   1656 |   1569 |     87 |    375 |    845 |   2 |  828.0 |
        Depths |   6640 |   6358 |    282 |   1774 |   3361 |   4 | 1660.0 |
           Zot |    394 |    394 |      0 |    172 |    115 |   1 |  394.0 |
         Abyss |     75 |     75 |      0 |      0 |     71 |   1 |   75.0 |
       Ossuary |    259 |    259 |      0 |      0 |    105 |   1 |  259.0 |
      Ice Cave |     93 |     93 |      0 |     21 |      0 |   1 |   93.0 |
      Gauntlet |    775 |    775 |      0 |    182 |    317 |   1 |  775.0 |
               +--------+--------+--------+--------+--------+-----+--------+

Top non-repeatable levels by time:
   Elf:3: 3023 daAuts
Vaults:1: 2985 daAuts
Vaults:3: 2314 daAuts
Vaults:5: 2273 daAuts
Vaults:2: 2137 daAuts
    D:10: 2116 daAuts
Shoals:4: 2099 daAuts
Vaults:4: 2051 daAuts
Spider:4: 2029 daAuts
  Lair:5: 2019 daAuts
Depths:3: 1962 daAuts
Depths:2: 1938 daAuts
Depths:4: 1686 daAuts
  Lair:3: 1683 daAuts
  Lair:4: 1676 daAuts
